 Dungeon Crawl Stone Soup version 0.26-b1-32-g5d43845318 (webtiles) character file.

Game seed: 5302663363308178546

171 Borgoz the Cudgeller (level 5, 0/45 HPs)
             Began as a Ghoul Gladiator on Jan 13, 2021.
             Slain by Sigmund
             ... wielding a +1 scythe of flaming
              (8 damage)
             ... on level 3 of the Dungeon.
             The game lasted 00:03:37 (3472 turns).

Borgoz the Cudgeller (Ghoul Gladiator)              Turns: 3472, Time: 00:03:38

Health: 0/45       AC:  4    Str: 18    XL:     5   Next: 51%
Magic:  4/4        EV: 13    Int:  3    God:
Gold:   153        SH:  0    Dex: 11    Spells: 4/4 levels left

rFire    . . .     SeeInvis .   a - +0 flail
rCold    + . .     Faith    .   (no shield)
rNeg     + + +     Spirit   .   b - +0 leather armour
rPois    ∞         Reflect  .   c - +0 helmet
rElec    .         Harm     .   (no cloak)
rCorr    .         Rampage  .   (no gloves)
Will     +....                  (no boots)
Stlth    +.........             (no amulet)
HPRegen  0.00/turn              j - ring of willpower
MPRegen  0.09/turn              (no ring)

@: mighty, flying
A: claws 1, cold resistance 1, negative energy resistance 3, inhibited
regeneration, torment resistance, unbreathing
a: no special abilities


You were on level 3 of the Dungeon.
You visited 1 branch of the dungeon, and saw 3 of its levels.

You collected 153 gold pieces.

Inventory:

Hand Weapons
 a - a +0 flail (weapon)
Missiles
 d - 3 throwing nets (quivered)
Armour
 b - a +0 leather armour (worn)
 c - a +0 helmet (worn)
Jewellery
 j - a ring of willpower (left claw)
Scrolls
 f - 2 scrolls of blinking {unknown}
 l - a scroll of immolation {unknown}
 n - 2 scrolls of enchant weapon {unknown}
 p - 5 scrolls of remove curse
Potions
 g - a potion of magic
 u - 2 potions of heal wounds {unknown}


   Skills:
 * Level 3.5 Fighting
 * Level 3.6 Maces & Flails
 - Level 1.7 Throwing
 * Level 2.0 Armour
 * Level 3.5 Dodging


You had 4 spell levels left.
You didn't know any spells.
Your spell library contained the following spells:

 Spells                   Type           Power        Failure   Level
 Summon Small Mammal      Summ           0%           58%         1
 Call Imp                 Summ           0%           73%         2
 Call Canine Familiar     Summ           0%           91%         3
 Summon Guardian Golem    Hex/Summ       0%           91%         3
 Summon Ice Beast         Ice/Summ       0%           100%        4
 Summon Lightning Spire   Summ/Air       0%           100%        4


Dungeon Overview and Level Annotations

Branches:
Dungeon (3/15)

Altars:

Annotations:
D:3 Sigmund


Innate Abilities, Weirdness & Mutations

You thrive by killing the living.
You are immune to poison.
You have sharp fingernails.
Your flesh is cold resistant. (rC+)
You are immune to negative energy. (rN+++)
You do not regenerate when monsters are visible.
You are immune to unholy pain and torment.
You can survive without breathing.


Message History

You sock something! Something barely misses you.
You feel better. Something hits you. Something burns you.
It was a potion of might.
You feel very mighty all of a sudden. Something hits you!
* * * LOW HITPOINT WARNING * * *
Something burns you.
* * * LOW HITPOINT WARNING * * *
You feel better.
You feel better.
You hear some strange, mumbled words.
A puff of flame appears from out of thin air!
The puff of flame hits you!
* * * LOW HITPOINT WARNING * * *
You feel very buoyant.
You fly up into the air.
You hear some strange, mumbled words.
Something tries to affect you, but you resist.
You thump something! Something hits you!
You die...

..# #.# .#+# #.#
....# #.# .....# ###
#.# ......# ##.###.#
.......####...##.#
.......K{@.....#.##
.).....####...#...##
".....# ##.#."...#
.....# ###.†...#
#.?.# #.....# ##+#
##...## #.# #.###
#.# #.# ##.## #.#


You could see a kobold.

Vanquished Creatures
  Jessica (D:3)
  3 adders
  2 oozes
  2 worms (D:2)
  A dart slug (D:2)
  2 leopard geckos
  8 orcs (D:3)
  4 giant cockroaches
  14 goblins
  6 hobgoblins
  11 jackals
  3 quokkas
  A ball python (D:1)
  8 bats
  5 frilled lizards
  8 kobolds
  5 rats
84 creatures vanquished.

Notes
Turn   | Place    | Note
-------+----------+-------------------------------------------
     0 | D:1      | Borgoz the Ghoul Gladiator began the quest for the Orb.
     0 | D:1      | Reached XP level 1. HP: 17/17 MP: 0/0
   410 | D:1      | Reached XP level 2. HP: 25/25 MP: 1/1
   816 | D:1      | You fall into a shaft and drop 1 floor!
   851 | D:1      | Reached skill level 1 in Armour
   851 | D:1      | Reached XP level 3. HP: 26/30 MP: 2/2
  1470 | D:2      | Reached XP level 4. HP: 17/37 MP: 3/3
  2965 | D:3      | Reached XP level 5. HP: 45/45 MP: 4/4
  3419 | D:3      | Noticed Jessica
  3424 | D:3      | Killed Jessica
  3448 | D:3      | Noticed Sigmund
  3472 | D:3      | Slain by Sigmund

Illustrated notes

Levels and vault maps discovered:
D:1:      dpeg_arrival_arbitrary_a, layout_basic, minmay_door_square
D:2:      layout_rooms, minmay_tromino_v4_a
D:3:      layout_loops_corners, lemuel_blue_sif_altar, gammafunk_ghost_smash,
          uniq_sigmund, uniq_jessica

Skill      XL: |  1  2  3  4  5 |
---------------+----------------+-----
Maces & Flails | 3 |  3.6
Dodging        | 3 |  3.5
Armour         | 1 2 |  2.0
Fighting       | 3 |  3.5
Throwing       | |  1.7

Action                   |  1- 3 |  4- 6 || total
-------------------------+-------+-------++-------
Melee: Flail             |   132 |   178 ||   310
  Use: Potion            |     1 |     8 ||     9
       Scroll            |       |    10 ||    10
 Stab: Sleeping          |     1 |     1 ||     2
Armor: Leather armour    |    71 |    66 ||   137
Dodge: Dodged            |   133 |   161 ||   294
